 Seeded DCSS version 0.27-a0-738-g6942c2d (webtiles) character file.

Game seed: 8064779569295926423 (custom seed)

4342739 skewfiend the Axe Maniac (level 27, 187/284 HPs)
             Began as a Deep Dwarf Wanderer on Mar 22, 2021.
             Was a High Priest of Trog.
             Escaped with the Orb
             ... and 7 runes on Mar 23, 2021!
             The game lasted 09:00:47 (101779 turns).

skewfiend the Axe Maniac (Deep Dwarf Wanderer)    Turns: 101779, Time: 09:00:48

Health: 187/284    AC: 52    Str: 33    XL:     27
Magic:  12/12      EV: 33    Int: 16    God:    Trog [*****.]
Gold:   11329      SH: 29    Dex: 23    Spells: 28/28 levels left

rFire    + . .     SeeInvis +   b - +9 broad axe of Kiprovyn {freeze, Will+}
rCold    + . .     Faith    .   w - +1 tower shield
rNeg     + + .     Spirit   .   F - +9 gold dragon scales
rPois    +         Reflect  .   B - +3 crown of Dyrovepreva {rElec Int+2 SInv}
rElec    +         Harm     .   i - +2 cloak {rPois}
rCorr    .         Rampage  .   X - +2 pair of gloves {Str+3}
Will     +++++     Clarity  +   A - +2 pair of boots {Fly}
Stlth    ..........             H - amulet of the Four Winds {rN+ Will+++ Clar}
HPRegen  0.00/turn              P - ring of the Hare {EV+8}
MPRegen  0.13/turn              G - ring "Nutumpym" {Str+5 Dex+6}

@: flying, non-regenerating
A: damage resistance, heal wounds, negative energy resistance 1, sense
surroundings 3, no regeneration, yellow scales 1, blink, screaming 1, strong 1,
MP-powered wands
0: Orb of Zot
}: 7/15 runes: barnacled, slimy, silver, obsidian, icy, abyssal, gossamer
a: Heal Wounds, Stop Flying, Blink, Renounce Religion, Berserk, Trog's Hand,
Brothers in Arms


You escaped.
You worshipped Trog.
Trog was extremely pleased with you.
You visited 16 branches of the dungeon, and saw 74 of its levels.
You visited the Abyss 1 time.
You also visited: Trove, Bailey, Gauntlet, Wizlab and Desolation.

You collected 14943 gold pieces.
You spent 3614 gold pieces at shops.

Inventory:

Hand Weapons
 a - a +9 antimagic broad axe
 b - the +9 broad axe of Kiprovyn (weapon) {freeze, Will+}
   (You found it in the Desolation of Salt)

   It has been specially enchanted to freeze those struck by it, causing extra
   injury to most foes and up to half again as much damage against particularly
   susceptible opponents.
   It can also slow down cold-blooded creatures.
   It affects your willpower, your defense against some magical effects.
 c - a +7 vampiric broad axe
 d - a +6 broad axe of flaming
 Q - the +2 demon blade of Benevolence {drain, rPois rN+}
   (You found it on level 7 of Cocytus)

   A truly terrible weapon, it drains the life of those it strikes.
   It protects you from poison.
   It protects you from negative energy.
Missiles
 e - 9 silver boomerangs
 k - 71 silver javelins
 p - 38 boomerangs (quivered)
 q - 18 stones
 K - 77 javelins
Armour
 i - a +2 cloak of poison resistance (worn)
 w - a +1 tower shield (worn)
 A - a +2 pair of boots of flying (worn)
 B - the +3 crown of Dyrovepreva (worn) {rElec Int+2 SInv}
   (You bought it in a shop on level 1 of the Orcish Mines)

   It affects your intelligence (+2).
   It insulates you from electricity.
   It lets you see invisible.
 E - the +1 plate armour of Carig {Dex+3}
   (You found it on level 7 of Cocytus)

   It affects your dexterity (+3).
 F - +9 gold dragon scales (worn)
 X - a +2 pair of gloves of strength (worn)
Jewellery
 r - a +4 ring of evasion
 x - the ring "Bekaz" {+Fly rF+ Dex+2}
   (You found it on level 7 of Cocytus)

   [ring of protection from fire]

   It affects your dexterity (+2).
   It protects you from fire.
   It lets you fly.
 y - an amulet of the acrobat
 G - the ring "Nutumpym" (left hand) {Str+5 Dex+6}
   (You found it on level 2 of the Shoals)

   [ring of dexterity]

   It affects your strength (+5).
   It affects your dexterity (+6).
 H - the amulet of the Four Winds (around neck) {rN+ Will+++ Clar}
   (You found it in a treasure trove)

   [amulet of nothing]

   It protects you from negative energy.
   It affects your willpower, your defense against some magical effects.
   It protects you against confusion.
 P - the ring of the Hare (right hand) {EV+8}
   (You found it on level 7 of Cocytus)

   [ring of evasion]

   It affects your evasion (+8).
Wands
 g - a wand of acid (44)
 v - a wand of digging (24)
 I - a wand of iceblast (8)
 U - a wand of flame (12)
Scrolls
 f - 9 scrolls of fear
 h - 3 scrolls of holy word
 l - 40 scrolls of identify
 o - 11 scrolls of teleportation
 s - a scroll of summoning
 D - 8 scrolls of magic mapping
 L - 6 scrolls of blinking
 M - 6 scrolls of fog
Potions
 n - 5 potions of mutation
 t - a potion of invisibility
 C - 20 potions of curing
 J - 4 potions of might
 N - 3 potions of heal wounds
 O - a potion of resistance
 S - a potion of flight
 T - 4 potions of haste
 W - a potion of cancellation
 Y - 2 potions of berserk rage
Miscellaneous
 j - the horn of Geryon
 m - a tin of tremorstones (2/2)
 u - a condenser vane
 z - a phantom mirror
 R - a box of beasts


   Skills:
 + Level 23.8 Fighting
 O Level 27 Axes
 - Level 2.8(17.6) Maces & Flails
 * Level 26.2 Throwing
 + Level 26.0 Armour
 + Level 26.7 Dodging
 - Level 1.2 Stealth
 + Level 24.0 Shields
 - Level 2.1 Unarmed Combat
 - Level 1.1 Spellcasting
 - Level 5.3 Earth Magic
 + Level 24.1 Evocations


You had 28 spell levels left.
You didn't know any spells.
Your spell library contained the following spells:

 Spells                   Type           Power      Damage    Failure   Level
 Sandblast                Erth           34%        2d9       14%         1
 Passwall                 Tmut/Erth      7%         N/A       54%         2
 Animate Skeleton         Necr           0%         N/A       77%         1
 Apportation              Tloc           0%         N/A       77%         1
 Beastly Appendage        Tmut           0%         N/A       77%         1
 Corona                   Hex            0%         N/A       77%         1
 Foxfire                  Conj/Fire      0%         2x1d4     77%         1
 Freeze                   Ice            0%         1d3       77%         1
 Magic Dart               Conj           0%         1d3       77%         1
 Pain                     Necr           0%         1d4       77%         1
 Shock                    Conj/Air       0%         1d3       77%         1
 Sting                    Tmut/Pois      0%         1d3       77%         1
 Summon Small Mammal      Summ           0%         N/A       77%         1
 Stone Arrow              Conj/Erth      18%        3d8       77%         3
 Blink                    Tloc           N/A        N/A       88%         2
 Call Imp                 Summ           0%         N/A       88%         2
 Corpse Rot               Necr/Air       N/A        N/A       88%         2
 Ensorcelled Hibernation  Hex/Ice        0%         N/A       88%         2
 Poisonous Vapours        Pois/Air       0%         N/A       88%         2
 Searing Ray              Conj           0%         3d3       88%         2
 Slow                     Hex            0%         N/A       88%         2
 Swiftness                Air            0%         N/A       88%         2
 Wereblood                Tmut           0%         N/A       88%         2
 Call Canine Familiar     Summ           0%         N/A       98%         3
 Confusing Touch          Hex            0%         N/A       98%         3
 Conjure Flame            Conj/Fire      0%         6-21      98%         3
 Dazzling Flash           Conj/Hex       0%         N/A       98%         3
 Frozen Ramparts          Ice            0%         1d2       98%         3
 Gell's Gravitas          Tloc           0%         N/A       98%         3
 Ignite Poison            Fire/Tmut/Pois 0%         N/A       98%         3
 Inner Flame              Hex/Fire       0%         N/A       98%         3
 Lesser Beckoning         Tloc           0%         N/A       98%         3
 Mephitic Cloud           Conj/Pois/Air  0%         N/A       98%         3
 Ozocubu's Armour         Ice            0%         N/A       98%         3
 Portal Projectile        Hex/Tloc       0%         N/A       98%         3
 Spider Form              Tmut/Pois      0%         N/A       98%         3
 Static Discharge         Conj/Air       0%         N/A       98%         3
 Summon Guardian Golem    Hex/Summ       0%         N/A       98%         3
 Teleport Other           Tloc           0%         N/A       98%         3
 Tukima's Dance           Hex            0%         N/A       98%         3
 Vampiric Draining        Necr           0%         2d6       98%         3
 Lee's Rapid Deconstruct  Erth           8%         3d8*      98%         5
 Animate Armour           Summ/Erth      18%        N/A       99%         4
 Leda's Liquefaction      Hex/Erth       4%         N/A       99%         4
 Petrify                  Tmut/Erth      9%         N/A       99%         4
 Airstrike                Air            0%         N/A       100%        4
 Animate Dead             Necr           0%         N/A       100%        4
 Cause Fear               Hex            0%         N/A       100%        4
 Dispel Undead            Necr           0%         3d6       100%        4
 Fulminant Prism          Conj/Hex       0%         3d6       100%        4
 Hailstorm                Conj/Ice       0%         3d3       100%        4
 Ice Form                 Ice/Tmut       0%         N/A       100%        4
 Iskenderun's Mystic Bla  Conj/Tloc      0%         2d3       100%        4
 Manifold Assault         Tloc           0%         N/A       100%        4
 Olgreb's Toxic Radiance  Pois           0%         N/A       100%        4
 Passage of Golubria      Tloc           N/A        N/A       100%        4
 Sticky Flame             Conj/Fire      0%         2d3       100%        4
 Summon Ice Beast         Ice/Summ       0%         N/A       100%        4
 Summon Lightning Spire   Summ/Air       0%         N/A       100%        4
 Agony                    Necr           0%         N/A       100%        5
 Blade Hands              Tmut           0%         N/A       100%        5
 Bolt of Magma            Conj/Fire/Erth 3%         4d5       100%        5
 Borgnjor's Vile Clutch   Necr/Erth      4%         N/A       100%        5
 Excruciating Wounds      Necr           0%         N/A       100%        5
 Fireball                 Conj/Fire      0%         3d3       100%        5
 Irradiate                Conj/Tmut      0%         3d13      100%        5
 Iskenderun's Battlesphe  Conj           0%         2d6       100%        5
 Lightning Bolt           Conj/Air       0%         1d11      100%        5
 Metabolic Englaciation   Hex/Ice        0%         N/A       100%        5
 Silence                  Hex/Air        0%         N/A       100%        5
 Summon Forest            Summ/Tloc      0%         N/A       100%        5
 Summon Mana Viper        Hex/Summ       0%         N/A       100%        5
 Yara's Violent Unravell  Hex/Tmut       0%         3d3       100%        5
 Conjure Ball Lightning   Conj/Air       0%         3x3d6     100%        6
 Death Channel            Necr           0%         N/A       100%        6
 Dispersal                Tloc           0%         N/A       100%        6
 Eringya's Noxious Bog    Tmut/Pois      0%         N/A       100%        6
 Freezing Cloud           Conj/Ice/Air   0%         6-21      100%        6
 Hydra Form               Tmut           0%         N/A       100%        6
 Invisibility             Hex            0%         N/A       100%        6
 Iron Shot                Conj/Erth      4%         9d2       100%        6
 Shadow Creatures         Summ           N/A        N/A       100%        6
 Simulacrum               Ice/Necr       0%         N/A       100%        6
 Starburst                Conj/Fire      0%         8x6d3     100%        6
 Statue Form              Tmut/Erth      6%         N/A       100%        6
 Dragon Form              Tmut           0%         N/A       100%        7
 Orb of Destruction       Conj           0%         N/A       100%        7
 Ozocubu's Refrigeration  Ice            0%         4d5       100%        7
 Spellforged Servitor     Conj/Summ      0%         N/A       100%        7
 Summon Hydra             Summ           0%         N/A       100%        7
 Chain Lightning          Conj/Air       0%         N/A       100%        8
 Discord                  Hex            0%         N/A       100%        8
 Disjunction              Tloc           0%         N/A       100%        8
 Ignition                 Fire           0%         3d3       100%        8
 Infestation              Necr           0%         N/A       100%        8
 Lehudib's Crystal Spear  Conj/Erth      4%         10d3      100%        8
 Absolute Zero            Ice            0%         ∞         100%        9
 Dragon's Call            Summ           0%         N/A       100%        9
 Fire Storm               Conj/Fire      0%         5d1       100%        9
 Shatter                  Erth           8%         3d10*     100%        9
 Tornado                  Air            0%         N/A       100%        9


Dungeon Overview and Level Annotations

Branches:
Dungeon (15/15)            Temple (1/1) D:6            Lair (6/6) D:11
 Shoals (4/4) Lair:2       Spider (4/4) Lair:3        Slime (5/5) Lair:6
    Orc (2/2) D:11            Elf (3/3) Orc:2        Vaults (5/5) D:13
  Crypt (3/3) Vaults:3       Tomb (1/3) Crypt:3      Depths (5/5) D:15
   Hell (visited)             Dis (0/7) Hell            Geh (7/7) Hell
    Coc (7/7) Hell            Tar (0/7) Hell            Zot (5/5) Depths:5
 Bailey (visited)          WizLab (visited)         Desolation (visited)
Gauntlet (visited)

Altars:
Gozag
Kikubaaqudgha
Makhleb
Okawaru
Ru
Trog
Uskayaw
Xom
Yredelemnul
Zin
The Shining One
Beogh
Jiyva

Shops:
D:6 *   D:7 *   Orc:1 [   Orc:2 =*[(   Elf:1 (   Elf:3 [[?   Shoals:3 (
Shoals:4 [   Vaults:1 [   Vaults:5 =[   Depths:2 (   Depths:5 *

Portals:
Hell: Depths:1 Depths:2 Depths:3 Depths:4 Depths:5
Abyss: Depths:1 Depths:3 Depths:4
Pandemonium: Depths:3 Depths:5
Ziggurat: Depths:2


Innate Abilities, Weirdness & Mutations

You are resistant to damage.
You can heal yourself by infusing magical energy.
You resist negative energy. (rN+)
You passively map a large area around you.
You do not regenerate.
You are partially covered in yellow scales. (AC +2)
You can translocate small distances at will.
You occasionally shout uncontrollably at your foes.
Your muscles are strong. (Str +2)
You expend magic power (3 MP) to strengthen your wands.


Message History

The Hell Sentinel is severely wounded.
The Hell Sentinel misses you.
The Hell Sentinel hits you but does no damage.
You slash the Hell Sentinel!
The Hell Sentinel is severely wounded.
The Hell Sentinel gestures at you.
The sphere of damnation explodes!
The damnation engulfs you!!
The damnation engulfs the Hell Sentinel.
The Hell Sentinel completely resists.
You hit the Hell Sentinel but do no damage.
The Hell Sentinel is severely wounded.
You slash the Hell Sentinel!
The Hell Sentinel is almost dead.
The Hell Sentinel gestures at you.
The sphere of damnation explodes!
The damnation engulfs you!!!
The damnation engulfs the Hell Sentinel.
The Hell Sentinel completely resists.
You barely miss the Hell Sentinel.
The Hell Sentinel is almost dead.
You block the Hell Sentinel's attack. x2
The blizzard demon waves its arms in wide circles.
The air twists around and strikes you.
You barely miss the Hell Sentinel.
The Hell Sentinel is almost dead.
The Hell Sentinel barely misses you. You block the Hell Sentinel's attack.
You slash the Hell Sentinel!
The Hell Sentinel is almost dead.
You completely miss the Hell Sentinel.
The Hell Sentinel is almost dead.
You block the Hell Sentinel's attack. The Hell Sentinel hits you!
You slice the Hell Sentinel!!
You kill the Hell Sentinel!
Trog accepts your kill.
You carve the blizzard demon like a ham!!!
You freeze the blizzard demon.
You kill the blizzard demon!
Trog accepts your kill.
No target in view!
There is a staircase leading out of the dungeon here.
You have escaped!

.....##.......#...#.......#.#....
.....##..#######.#######..#.##...
.....##..# ##.......## #..#.##...
.....##..###.........###..#.###..
..#..##..##.....).....##..#.# #..
#.#......#.............#....####.
........##.............##........
###.#..#.#.............#.#..#####
......#.........@.........#..#
..###..#.#.............#.#..##
........##.............##..##
#####....#.............#..##
##...##...........##..#
#...###.........###..# #...#
##.......## #..#
#...#######.#######..#
#........#...#.......#


There were no monsters in sight!

Vanquished Creatures
  Antaeus (Coc:7)
  Asmodeus (Geh:7)
  Dissolution (Slime:3)
  the Royal Jelly (Slime:5)
  the Serpent of Hell (Coc:7)
  4 dread liches (Zot:5)
  5 ancient liches
  2 orbs of fire (Zot:5)
  Mennas (Vaults:2)
  A juggernaut (Depths:4)
  2 royal mummies (Tomb:1)
  Bai Suzhen (Depths:3)
  Margery (Vaults:3)
  28 shard shrikes
  6 Killer Klowns
  Geryon (Hell)
  3 caustic shrikes (Depths:4)
  Xtahua (Vaults:5)
  4 curse toes
  Nikola (Spider:3)
  Jory (Vaults:3)
  15 golden dragons
  A pandemonium lord (Depths:4)
  16 bone dragons
  A shard shrike zombie (Crypt:3)
  A Hell Sentinel (D:1)
  34 Brimstone Fiends
  2 electric golems (Zot:5)
  Jorgrun (Spider:3)
  25 Orb Guardians (Zot:5)
  Rupert (Spider:1)
  17 tentacled monstrosities
  13 liches
  19 Ice Fiends
  Asterion (Spider:3)
  4 titans
  A deep elf blademaster (Elf:3)
  2 deep elf master archers (Elf:3)
  10 quicksilver dragons
  30 acid blobs
  14 death cobs
  12 sphinxes
  Kirke (D:13)
  9 ancient champions
  Polyphemus (Shoals:4)
  4 tentacled starspawn
  12 tengu reavers
  The ghost of Viocziel the Brawler, an adept TrMo of Nemelex Xobeh (Depths:4)
  19 shadow dragons
  Donald (Spider:3)
  17 rockslimes
  Agnes (D:14)
  16 storm dragons
  4 revenants
  20 azure jellies
  13 vault wardens
  5 draconian monks
  12 fire giants
  An azure jelly (shapeshifter) (Depths:4)
  3 draconian knights
  8 ghost moths
  2 draconian scorchers
  Louise (D:15)
  A corrupter (Zot:1)
  Aizul (Spider:3)
  An imperial myrmidon (Desolation)
  7 draconian shifters
  15 frost giants
  9 deep elf elementalists (Elf:3)
  4 orc warlords
  10 ironbound preservers
  4 iron dragons
  11 deep elf sorcerers
  4 emperor scorpions
  2 curse skulls
  16 draconian stormcallers
  10 elemental wellsprings
  15 balrugs
  A ghoul (Crypt:2)
  22 very ugly things
  5 draconian annihilators
  28 reapers
  6 cacodemons
  6 war gargoyles
  12 quicksilver oozes
  12 green draconians
  29 stone giants
  6 bennus (Tomb:1)
  10 starcursed masses (Abyss:3)
  14 vampire knights
  9 deep elf demonologists
  5 black draconians
  12 white draconians
  7 deep elf annihilators
  3 halazid warlocks (Desolation)
  Azrael (Elf:2)
  2 minotaurs
  3 entropy weavers
  An entropy weaver (shapeshifter) (Vaults:5)
  10 purple draconians
  9 red draconians
  9 yellow draconians
  A bunyip (shapeshifter) (Vaults:5)
  2 lorocyprocas
  13 spark wasps
  Snorg (D:13)
  8 merfolk javelineers
  5 crystal guardians
  6 eidola
  21 blizzard demons
  9 deep elf death magi
  10 mummy priests (Tomb:1)
  14 jiangshi
  14 ettins
  13 merfolk impalers
  2 eleionomae (shapeshifter)
  8 ironbound thunderhulks
  17 yaktaur captains
  15 fire dragons
  2 kraken zombies
  6 quicksilver dragon zombies
  7 ragged hierophants (Desolation)
  10 deep elf high priests
  A naga warrior (Abyss:3)
  Harold (Lair:2)
  3 hell beasts
  23 great orbs of eyes
  Erolcha (D:13)
  31 vault guards
  34 ice dragons
  5 rakshasas
  5 servants of whispers (Desolation)
  12 peacekeepers
  3 ogre magi
  8 hydras
  5 boulder beetles
  17 ironbound frosthearts
  8 spriggan air magi
  5 quicksilver dragon skeletons
  An anaconda (shapeshifter) (D:15)
  An ice dragon (shapeshifter) (Vaults:5)
  7 centaur warriors
  4 catoblepae
  6 merfolk avatars
  7 merfolk aquamancers
  30 dancing weapons
  37 hell hogs
  A death knight (D:15)
  10 deep troll shamans
  12 death scarabs (Tomb:1)
  3 satyrs
  A two-headed ogre (shapeshifter) (Vaults:4)
  18 deep troll earth magi
  10 tengu warriors
  Urug (Lair:5)
  15 vampire magi
  7 soul eaters
  11 titan zombies
  2 thrashing horrors (Abyss:3)
  3 orc high priests (Orc:2)
  4 death yaks (Shoals:4)
  5 spriggan berserkers
  8 two-headed ogres
  38 sun demons
  4 wretched stars
  A spriggan (Depths:5)
  4 ironbound beastmasters
  66 hell knights
  18 deep elf knights
  5 iron golems
  11 storm dragon zombies
  3 shadow wraiths
  126 skeletal warriors
  11 titan skeletons
  6 golden dragon zombies
  9 storm dragon skeletons
  A sixfirhy (Zot:5)
  3 iron trolls
  5 unseen horrors
  4 ghost moth zombies
  2 death drakes
  9 sea snakes
  18 anaconda zombies
  A shadow demon (Zot:1)
  3 orange crystal statues
  17 deep elf archers
  25 deep trolls
  11 flayed ghosts
  8 glowing orange brains
  9 iron dragon zombies
  2 bog bodies (Crypt:2)
  6 shadow dragon zombies
  6 golden dragon skeletons
  15 wizards
  28 ironbound convokers
  29 deep elf pyromancers
  18 orb spiders
  9 anaconda skeletons
  Pikel (D:6)
  25 harpies
  2 oklob plants
  19 phantasmal warriors
  29 deep elf zephyrmancers
  A harpy (shapeshifter) (Depths:2)
  10 lindwurms
  25 necromancers
  A glowing shapeshifter (D:15)
  4 wolf spider zombies
  15 wolf spiders
  6 shadow dragon skeletons
  10 cyclopes
  11 orc knights
  11 frost giant zombies
  A shining eye (shapeshifter) (Depths:4)
  A manticore (shapeshifter) (Vaults:5)
  6 stone giant zombies
  46 ugly things
  7 shining eyes
  8 orc sorcerers
  18 fauns
  12 fire giant zombies
  29 moths of wrath
  16 manticores
  13 merfolk sirens
  A will-o-the-wisp (Abyss:3)
  A moth of wrath (shapeshifter) (Vaults:4)
  23 vault sentinels
  7 frost giant skeletons
  5 iron dragon skeletons
  A faun (shapeshifter) (Vaults:5)
  A worldbinder (Abyss:3)
  9 fire giant skeletons
  11 elephants
  13 molten gargoyles
  9 stone giant skeletons
  A titan simulacrum (Coc:3)
  A naga mage (Abyss:3)
  8 water nymphs
  8 guardian serpents
  8 rust devils (Hell)
  Maurice (D:11)
  2 orange demons
  8 dire elephant zombies
  4 ice statues (Coc:7)
  3 black mambas
  11 smoke demons
  2 guardian serpents (shapeshifter)
  An eye of devastation (shapeshifter) (Depths:3)
  3 eyes of devastation
  Psyche (D:12)
  6 dire elephant skeletons
  2 storm dragon simulacra
  A catoblepas zombie (Geh:7)
  2 gargoyles
  22 cane toads
  3 emperor scorpion zombies
  5 torpor snails
  20 hellions
  38 tormentors
  4 efreet
  76 ice devils
  6 shock serpent skeletons
  46 yaktaurs
  2 kobold demonologists (D:15)
  2 golden dragon simulacra
  5 komodo dragons
  3 anaconda simulacra
  52 freezing wraiths
  2 swamp worm zombies (Crypt:1)
  6 rime drakes
  17 demonic crawlers
  7 catoblepas skeletons
  A ghost moth simulacrum (Coc:3)
  35 hydra zombies
  3 spriggan skeletons
  A harpy zombie (Coc:5)
  6 tengu conjurers
  A hellwing (Abyss:3)
  41 red devils
  A yellow draconian skeleton (Crypt:3)
  A purple draconian skeleton (Crypt:1)
  A minotaur skeleton (Geh:1)
  9 guardian mummies (Tomb:1)
  A queen bee (Gauntlet)
  4 ancient zymes
  A queen ant zombie (Crypt:2)
  24 jumping spiders
  42 merfolk
  6 meliai
  10 trolls
  8 wind drakes
  18 blink frogs
  8 hornets
  An iron dragon simulacrum (Coc:7)
  130 slime creatures
  58 saltlings (Desolation)
  A slime creature (shapeshifter) (Depths:4)
  5 harpy skeletons
  15 ettin zombies
  17 hydra skeletons
  A polar bear (shapeshifter) (Depths:4)
  A deep troll zombie (Depths:1)
  A blink frog (shapeshifter) (D:15)
  4 polar bears
  9 raiju (Abyss:3)
  A dream sheep (shapeshifter) (Vaults:5)
  15 alligator zombies
  14 snapping turtles
  2 spriggan zombies
  4 dream sheep (Shoals:4)
  7 ice dragon zombies
  2 fire dragon zombies
  A guardian serpent skeleton (Crypt:3)
  145 flying skulls
  2 centaur simulacra (Gauntlet)
  10 ice dragon skeletons
  8 fire dragon skeletons
  A deep troll skeleton (Depths:1)
  6 air elementals
  4 black mamba zombies
  9 ettin skeletons
  22 shadows
  30 tarantellas
  4 ynoxinuls
  5 alligator skeletons
  A dire elephant simulacrum (Coc:3)
  47 wraiths
  Sigmund (D:3)
  65 redbacks
  Eustachio (D:6)
  A hog (shapeshifter) (Elf:3)
  A basilisk (shapeshifter) (Vaults:5)
  63 yaks
  An ushabti (Tomb:1)
  3 black mamba skeletons
  53 fire elementals
  A steam dragon (Lair:4)
  7 wyverns
  4 fire bats (Geh:3)
  8 small abominations
  38 water elementals
  9 golden eyes
  4 hogs (D:13)
  A human (D:13)
  Menkaure (D:4)
  7 basilisks
  5 wargs
  A two-headed ogre zombie (D:13)
  A soldier ant (shapeshifter) (D:15)
  Duvessa (D:5)
  3 acid dragons
  82 hell hounds
  15 water moccasins
  4 hydra simulacra
  3 floating eyes
  7 snapping turtle zombies
  A black bear (shapeshifter) (Elf:2)
  18 cane toad zombies
  9 large abominations
  22 ice beasts
  A sky beast (shapeshifter) (D:15)
  A hornet zombie (D:14)
  3 sky beasts
  2 black bears
  An alligator simulacrum (Coc:5)
  2 ice dragon simulacra (Coc:7)
  2 swamp dragon zombies
  17 necrophages
  30 ogres
  35 orc warriors
  17 cane toad skeletons
  3 manticore zombies
  20 centaurs
  8 boggarts
  A tengu (shapeshifter) (Vaults:5)
  12 snapping turtle skeletons
  2 manticore skeletons
  3 lemures (D:6)
  5 swamp dragon skeletons
  4 phantoms
  A komodo dragon zombie (Crypt:1)
  A palentonga zombie (Crypt:2)
  7 kobold brigands
  24 bullfrogs
  2 elf zombies
  An elf skeleton (Crypt:2)
  14 earth elementals
  Dowan (D:5)
  A komodo dragon skeleton (Crypt:1)
  3 cane toad simulacra
  2 wyvern zombies
  6 scorpions
  A wyvern skeleton (D:14)
  A water moccasin skeleton (D:7)
  A yak zombie (Crypt:2)
  15 killer bees
  3 tengu skeletons
  A howler monkey (shapeshifter) (Vaults:5)
  112 wights
  3 howler monkeys
  A wolf zombie (Crypt:2)
  3 electric eels
  5 crimson imps
  2 bullfrog zombies
  4 centaur zombies
  3 quasits
  A wyvern simulacrum (Gauntlet)
  8 hounds
  7 jellies
  19 orc priests
  4 bullfrog skeletons
  6 iron imps
  2 centaur skeletons
  37 orc wizards
  3 human skeletons
  3 iguanas
  7 hell rats
  8 worker ants
  A tengu zombie (Coc:1)
  A bullfrog simulacrum (Gauntlet)
  2 ogre skeletons (Crypt:3)
  A demigod skeleton (Crypt:3)
  A human simulacrum (Coc:7)
  14 mummies
  A worker ant zombie (D:7)
  19 adders
  A steam dragon zombie (Crypt:2)
  A steam dragon skeleton (Crypt:3)
  A swamp drake skeleton (Crypt:2)
  49 white imps
  12 oozes (Lair:4)
  3 ufetubi
  A halfling skeleton (Crypt:1)
  A lava snake zombie (Crypt:1)
  4 adder skeletons
  An adder zombie (D:9)
  2 worms (shapeshifter) (Vaults:5)
  3 worms
  A barachi zombie (Crypt:3)
  2 dart slugs
  99 orcs
  5 ball pythons
  6 giant cockroaches
  6 hobgoblins
  10 jackals
  12 quokkas
  7 bats
  6 frilled lizards
  16 goblins
  51 kobolds
  3 kobold skeletons
  2 kobold zombies (Geh:1)
  An orc skeleton (Geh:6)
  A quokka zombie (D:6)
  3 rats
  A rat skeleton (Crypt:3)
  A butterfly (Lair:1)
  A starspawn tentacle (Abyss:4)
  3 tentacles
4742 creatures vanquished.

Vanquished Creatures (collateral kills)
  A tentacled monstrosity (Vaults:5)
  A fire giant (Vaults:2)
  2 ghost moths (Spider:4)
  3 emperor scorpions (Spider:4)
  A draconian scorcher (Zot:4)
  A stone giant (Vaults:5)
  An ettin (Vaults:5)
  A yaktaur captain (Vaults:5)
  A hydra (Lair:5)
  A tengu warrior (D:15)
  A merfolk aquamancer (Shoals:4)
  A slime creature (Slime:3)
  3 skeletal warriors (Coc:2)
  An iron troll (Depths:4)
  An anaconda skeleton (Coc:2)
  An ironbound convoker (Vaults:2)
  A black mamba (Lair:5)
  A vault sentinel (Vaults:5)
  2 hornets (Spider:4)
  A tarantella (Spider:2)
  A redback (Spider:3)
  4 hell rats (Lair:5)
31 creatures vanquished.

Vanquished Creatures (others)
  Arachne (Spider:2)
  A shadow dragon (Zot:3)
  An ironbound preserver (Vaults:2)
  An elemental wellspring (Coc:7)
  A dancing weapon (Elf:1)
  4 hell hogs (Geh:3)
  A deep elf knight (Elf:2)
  2 wolf spiders
  5 deep elf zephyrmancers
  A manticore (Shoals:4)
  A merfolk (Shoals:4)
  A hornet (Spider:2)
  3 flying skulls
  A wraith (Geh:3)
  2 chaos spawn
  A small abomination (Abyss:3)
  An orc priest (Orc:2)
  A bush (D:11)
  58 fungi
  208 plants
  8 starspawn tentacles
  6 tentacles
309 creatures vanquished.

Grand Total: 5082 creatures vanquished

Notes
Turn   | Place    | Note
-------+----------+-------------------------------------------
     0 | D:1      | skewfiend the Deep Dwarf Wanderer began the quest for the
                  | Orb.
     0 | D:1      | skewfiend set off with the following items: a +0 club, a
                  | potion of curing, a +0 robe; and the following spell
                  | memorised: Magic Dart; and the following spells available
                  | to memorise: Blink, Call Imp, Poisonous Vapours, Slow,
                  | Swiftness, Conjure Flame, Mephitic Cloud
     0 | D:1      | Reached XP level 1. HP: 18/18 MP: 2/2
   519 | D:1      | Reached XP level 2. HP: 22/25 MP: 0/2
  1140 | D:2      | Found a faded altar of an unknown god.
  1307 | D:2      | Reached skill level 1 in Maces & Flails
  1346 | D:2      | Reached XP level 3. HP: 30/32 MP: 3/3
  2290 | D:2      | Found an opulent altar of Gozag.
  2334 | D:2      | Found an ancient bone altar of Kikubaaqudgha.
  2334 | D:2      | Found a hide-covered altar of Uskayaw.
  2334 | D:2      | You fall into a shaft and drop 1 floor!
  2402 | D:3      | Noticed Sigmund
  2477 | D:2      | Reached XP level 4. HP: 36/39 MP: 4/4
  2577 | D:2      | Found a sacrificial altar of Ru.
  2580 | D:2      | Found a bloodstained altar of Trog.
  2581 | D:2      | Found a glowing silver altar of Zin.
  2586 | D:2      | Became a worshipper of Trog the Wrathful
  3132 | D:4      | Reached skill level 1 in Axes
  3132 | D:4      | Reached XP level 5. HP: 36/48 MP: 5/5
  3204 | D:4      | Noticed Menkaure
  3233 | D:4      | Killed Menkaure
  3234 | D:4      | Reached skill level 3 in Axes
  3234 | D:4      | Reached XP level 6. HP: 17/56 MP: 6/6
  3392 | D:4      | You fall into a shaft and drop 1 floor!
  3392 | D:5      | Entered Level 5 of the Dungeon
  3434 | D:5      | Reached * piety under Trog
  3771 | D:5      | Noticed an ice beast
  3792 | D:5      | Killed an ice beast
  3793 | D:5      | Reached skill level 4 in Axes
  3917 | D:5      | Reached XP level 7. HP: 66/66 MP: 7/7
  4134 | D:4      | Reached skill level 5 in Axes
  4137 | D:4      | Reached skill level 5 in Fighting
  4451 | D:4      | Identified the +5 shortbow "Dofeahaf" {vorpal, +Inv rPois}
  5039 | D:3      | Reached ** piety under Trog
  5110 | D:3      | Killed Sigmund
  5111 | D:3      | Reached skill level 6 in Axes
  5439 | D:3      | Reached XP level 8. HP: 74/76 MP: 8/8
  5841 | D:5      | Identified the +0 leather armour "Omar" {rElec rCorr Int-2
                  | Stlth+}
  5898 | D:5      | Found a burning altar of Makhleb.
  6198 | D:5      | Noticed Duvessa
  6214 | D:5      | Killed Duvessa
  6230 | D:5      | Noticed Dowan
  6249 | D:5      | Killed Dowan
  6268 | D:5      | Reached skill level 7 in Axes
  7010 | D:6      | Found a staircase to the Ecumenical Temple.
  7019 | Temple   | Entered the Ecumenical Temple
  7114 | D:6      | Noticed Pikel
  7149 | D:6      | Killed Pikel
  7150 | D:6      | Reached skill level 8 in Axes
  7260 | D:6      | Noticed Eustachio
  7270 | D:6      | Killed Eustachio
  7271 | D:6      | Gained mutation: You passively map the area around you.
                  | [Deep Dwarf growth]
  7271 | D:6      | Reached XP level 9. HP: 86/86 MP: 8/8
  7285 | D:6      | Found Jigat's General Store.
  7297 | D:6      | Bought a scroll of summoning for 123 gold pieces
  7297 | D:6      | Bought a scroll of fear for 45 gold pieces
  7297 | D:6      | Bought a potion of curing for 39 gold pieces
  7447 | D:6      | Identified a scroll of acquirement
  7454 | D:6      | Acquired a manual of Fighting
  7491 | D:6      | Reached skill level 9 in Axes
  8396 | D:7      | Found Koesyck's Island Escapes.
  8547 | D:7      | Bought a potion of flight for 39 gold pieces
  8547 | D:7      | Bought a scroll of teleportation for 39 gold pieces
  8626 | D:7      | Identified the +7 plate armour of the Planets {rC+ Stlth+}
  9128 | D:7      | Reached skill level 10 in Axes
  9377 | D:8      | Reached skill level 10 in Fighting
  9625 | D:8      | Reached XP level 10. HP: 88/103 MP: 9/9
  9864 | D:8      | Found a glowing golden altar of the Shining One.
 10452 | D:9      | Reached *** piety under Trog
 10798 | D:10     | Entered Level 10 of the Dungeon
 11400 | D:10     | Reached skill level 11 in Axes
 12536 | D:11     | Noticed a cyclops
 12549 | D:11     | Killed a cyclops
 12605 | D:11     | Noticed Maurice
 12613 | D:11     | Killed Maurice
 12740 | D:11     | Reached skill level 12 in Axes
 12814 | D:11     | Found a staircase to the Orcish Mines.
 12832 | D:11     | Reached **** piety under Trog
 12909 | D:11     | Reached XP level 11. HP: 92/116 MP: 10/10
 12946 | D:11     | Found a staircase to the Lair.
 13196 | D:11     | Noticed a two-headed ogre
 13209 | D:11     | Killed a two-headed ogre
 13540 | D:11     | Noticed a purple ugly thing
 13550 | D:11     | Killed a purple ugly thing
 13551 | D:11     | Reached skill level 1 in Armour
 13551 | D:11     | Reached skill level 1 in Dodging
 13598 | D:11     | Killed an unseen horror
 13599 | D:11     | Reached skill level 13 in Axes
 13768 | Lair:1   | Entered Level 1 of the Lair of Beasts
 13871 | Lair:1   | Noticed an oklob plant
 13887 | Lair:1   | Killed an oklob plant
 14090 | Lair:1   | Noticed a five-headed hydra
 14103 | Lair:1   | Killed a five-headed hydra
 14405 | Lair:1   | Reached XP level 12. HP: 103/128 MP: 11/11
 14707 | Lair:2   | Noticed a boulder beetle
 14757 | Lair:2   | Killed a boulder beetle
 14800 | Lair:2   | Reached skill level 14 in Axes
 14915 | Lair:2   | Found a staircase to the Shoals.
 14930 | Lair:2   | Noticed a four-headed hydra
 14953 | Lair:2   | Killed a four-headed hydra
 15016 | Lair:2   | Noticed a seven-headed hydra
 15051 | Lair:2   | Killed a seven-headed hydra
 15143 | Lair:2   | Noticed Harold
 15150 | Lair:2   | Reached skill level 5 in Armour
 15150 | Lair:2   | Reached skill level 5 in Dodging
 15155 | Lair:2   | Killed Harold
 15708 | Lair:3   | Noticed an eight-headed hydra
 15724 | Lair:3   | Killed an eight-headed hydra
 15875 | Lair:3   | Reached skill level 15 in Axes
 16206 | Lair:3   | Found a hole to the Spider Nest.
 16621 | Lair:4   | Reached XP level 13. HP: 135/136 MP: 12/12
 16930 | Lair:4   | Reached skill level 15 in Fighting
 17140 | Lair:4   | Identified the +1 leather armour of Anoczem {Will- Dex+5}
 17196 | Lair:4   | Reached ***** piety under Trog
 17753 | Lair:5   | Found a gate leading to a gauntlet.
 17762 | Lair:5   | Noticed Urug
 17772 | Lair:5   | Received a gift from Trog
 17779 | Lair:5   | Killed Urug
 17799 | Gauntlet | Entered a Gauntlet
 17799 | Gauntlet | Found a transporter.
 17809 | Gauntlet | Found a transporter.
 17812 | Gauntlet | Found a transporter.
 17813 | Gauntlet | Found a transporter.
 17822 | Gauntlet | Found a transporter.
 17824 | Gauntlet | Found a transporter.
 17825 | Gauntlet | Found a transporter.
 17836 | Gauntlet | Found a transporter.
 17837 | Gauntlet | Found a transporter.
 17837 | Gauntlet | Found a transporter.
 17846 | Gauntlet | Noticed a cacodemon
 17848 | Gauntlet | Found a transporter.
 17850 | Gauntlet | Found a transporter.
 17851 | Gauntlet | Found a transporter.
 17859 | Gauntlet | Found a transporter.
 18036 | Gauntlet | Reached skill level 16 in Axes
 18103 | Gauntlet | Gained mutation: You are dopey. (Int -2) [a cacodemon]
 18106 | Gauntlet | Killed a cacodemon
 18110 | Gauntlet | Identified the +0 pair of gloves "Rikh" {*Slow Regen+ Str-3
                  | Stlth+}
 18170 | Gauntlet | Lost mutation: You are dopey. (Int -2) [potion of mutation]
 18170 | Gauntlet | Gained mutation: You can translocate small distances at
                  | will. [potion of mutation]
 18170 | Gauntlet | Gained mutation: You are partially covered in yellow
                  | scales. (AC +2) [potion of mutation]
 18170 | Gauntlet | Gained mutation: You are robust. (+10% HP) [potion of
                  | mutation]
 18247 | Gauntlet | Noticed a minotaur
 18262 | Gauntlet | Killed a minotaur
 18277 | Gauntlet | Identified the Grimoire of the Voyage
 19119 | Lair:6   | Entered Level 6 of the Lair of Beasts
 19180 | Lair:6   | Gained mutation: You resist negative energy. (rN+) [Deep
                  | Dwarf growth]
 19180 | Lair:6   | Reached XP level 14. HP: 161/161 MP: 12/12
 19200 | Lair:6   | Received a gift from Trog
 19488 | Lair:6   | Found the +7 Kryia's mail coat {PotionHeal*2 rC+}
 19498 | Lair:6   | Identified the amulet of Fokoo {Regen+ Str+2}
 19737 | Lair:6   | Found a viscous altar of Jiyva.
 19737 | Lair:6   | Found a staircase to the Slime Pits.
 20180 | D:12     | Reached skill level 17 in Axes
 20332 | D:12     | Identified the +2 flail of the Unseen Realm {vorpal, rPois
                  | rN+ Int-2 Dex+3}
 20433 | D:12     | Noticed Psyche
 20443 | D:12     | Killed Psyche
 20901 | D:13     | Noticed Kirke
 20920 | D:13     | Killed Kirke
 20986 | D:13     | Noticed Snorg
 21008 | D:13     | Killed Snorg
 21053 | D:13     | Upgraded the game from 0.27-a0-702-g0b40708 to
                  | 0.27-a0-705-ga001394
 21395 | Orc:1    | Entered Level 1 of the Orcish Mines
 21440 | Orc:1    | Paralysed by an orc sorcerer for 3 turns
 21499 | Orc:1    | Found Xoxzah's Antique Armour Shop.
 21519 | Orc:1    | Bought a pair of runed boots for 135 gold pieces
 21519 | Orc:1    | Bought the +3 crown of Dyrovepreva {rElec Int+2 SInv} for
                  | 745 gold pieces
 21519 | Orc:1    | Found the +3 crown of Dyrovepreva {rElec Int+2 SInv}
 21607 | Orc:1    | Found a flagged portal.
 21712 | Bailey   | Entered a bailey
 21865 | Bailey   | Found the +9 staff of Olgreb {rPois∞}
 21872 | Bailey   | Found a bloodstained altar of Trog.
 22045 | Orc:2    | Entered Level 2 of the Orcish Mines
 22045 | Orc:2    | Found a staircase to the Elven Halls.
 22094 | Orc:2    | Received a gift from Trog
 22100 | Orc:2    | Reached skill level 10 in Dodging
 22111 | Orc:2    | Reached skill level 1 in Throwing
 22111 | Orc:2    | Reached skill level 10 in Armour
 22114 | Orc:2    | Noticed an orc warlord
 22167 | Orc:2    | Killed an orc warlord
 22453 | Orc:1    | Reached XP level 15. HP: 171/171 MP: 13/13
 22682 | Orc:2    | Noticed an orc warlord
 22705 | Orc:1    | Killed an orc warlord
 23064 | Orc:2    | Found Fuhiseis's Antique Armour Boutique.
 23268 | Orc:2    | Reached skill level 5 in Shields
 23306 | Orc:2    | Found Kegoum's General Store.
 23338 | Orc:2    | Bought a potion of curing for 42 gold pieces
 23338 | Orc:2    | Bought a potion of curing for 42 gold pieces
 23374 | Orc:2    | Found Kotuten's Jewellery Shop.
 23391 | Orc:2    | Reached ****** piety under Trog
 23403 | Orc:2    | Received a gift from Trog
 23471 | Orc:2    | Found Olaczeto's Antique Weapon Shoppe.
 24009 | D:13     | Found a gate to the Vaults.
 24190 | D:13     | Reached skill level 18 in Axes
 24539 | D:7      | Bought a wand of digging (8) for 312 gold pieces
 24539 | D:7      | Bought 2 scrolls of blinking for 195 gold pieces
 24539 | D:7      | Bought 3 scrolls of blinking for 292 gold pieces
 24794 | D:13     | Noticed Erolcha
 24826 | D:13     | Killed Erolcha
 25168 | D:14     | Noticed Agnes
 25188 | D:14     | Killed Agnes
 25223 | D:14     | Reached skill level 5 in Throwing
 25600 | D:15     | Entered Level 15 of the Dungeon
 25838 | D:15     | Identified the +5 chain mail "Ceusygua" {rPois}
 25914 | D:15     | Received a gift from Trog
 25958 | D:15     | Found a staircase to the Depths.
 26008 | D:15     | Noticed Louise
 26078 | D:15     | Killed Louise
 26122 | D:15     | Reached XP level 16. HP: 177/181 MP: 14/14
 26766 | Spider:1 | Entered Level 1 of the Spider Nest
 26774 | Spider:1 | Noticed Rupert
 26794 | Spider:1 | Killed Rupert
 27016 | Spider:1 | You are sucked into a shaft and drop 1 floor!
 27035 | Spider:2 | Noticed Arachne
 27057 | Spider:2 | Paralysed by a hornet for 1 turns
 27074 | Spider:2 | Killed Arachne
 27127 | Spider:2 | Received a gift from Trog
 27782 | Spider:1 | Identified the -7 buckler of Circular Logic {Str+2 Int+2}
 28561 | Spider:3 | Noticed Nikola
 28561 | Spider:3 | Noticed Asterion
 28564 | Spider:3 | Noticed Donald
 28584 | Spider:3 | Killed Nikola
 28585 | Spider:3 | Reached skill level 10 in Shields
 28844 | Spider:3 | Killed Asterion
 28984 | Spider:3 | Killed Donald
 29263 | Spider:3 | Noticed Aizul
 29289 | Spider:3 | Killed Aizul
 29290 | Spider:3 | Reached XP level 17. HP: 192/192 MP: 1/14
 29296 | Spider:3 | Noticed Jorgrun
 29328 | Spider:3 | Killed Jorgrun
 29644 | Spider:4 | Entered Level 4 of the Spider Nest
 30703 | Spider:4 | Received a gift from Trog
 31178 | Spider:4 | Got a gossamer rune of Zot
 31437 | Shoals:1 | Entered Level 1 of the Shoals
 32475 | Shoals:2 | Gained mutation: You passively map a large area around you.
                  | [Deep Dwarf growth]
 32475 | Shoals:2 | Reached XP level 18. HP: 201/201 MP: 14/14
 32580 | Shoals:2 | Reached skill level 19 in Axes
 32719 | Shoals:2 | Identified the ring "Nutumpym" {Str+5 Dex+6}
 32793 | Shoals:2 | Reached skill level 10 in Throwing
 33405 | Shoals:3 | Received a gift from Trog
 33858 | Shoals:3 | Found Yrchel's Weapon Shoppe.
 33953 | Shoals:3 | Found a hide-covered altar of Uskayaw.
 34634 | Shoals:4 | Entered Level 4 of the Shoals
 34658 | Shoals:4 | Identified the +9 morningstar of Sinig {flame, rPois rF+
                  | rC+ Str+4} (Trog gifted it to you on level 4 of the Shoals)
 34658 | Shoals:4 | Received a gift from Trog
 34763 | Shoals:4 | Identified the Tome of Flight
 35243 | Shoals:4 | Found Esehej's Antique Armour Shoppe.
 35254 | Shoals:4 | Received a gift from Trog
 35345 | Shoals:4 | Bought a slimy helmet for 313 gold pieces
 35345 | Shoals:4 | Identified the +1 helmet "Heipok" {SInv} (You bought it in
                  | a shop on level 4 of the Shoals)
 35418 | Shoals:4 | Identified the Grimoire of Unholy Confrontation
 35800 | Shoals:4 | Got a barnacled rune of Zot
 35840 | Shoals:4 | Noticed Polyphemus
 35859 | Shoals:4 | Killed Polyphemus
 36286 | Elf:1    | Entered Level 1 of the Elven Halls
 36408 | Elf:1    | Reached XP level 19. HP: 202/212 MP: 15/15
 36503 | Elf:1    | Received a gift from Trog
 36565 | Elf:1    | Identified the Catalogue of Calling
 36795 | Elf:1    | Identified the +1 chain mail "Jirphahenn" {rN++ Str+2}
 36936 | Elf:1    | Identified the +9 war axe of Stickiness {flame, +Rage +Inv
                  | rPois Int-2}
 37100 | Elf:1    | Found Mennuit's Antique Weapon Emporium.
 37675 | Elf:2    | Received a gift from Trog
 37826 | Elf:2    | Found a runed translucent gate.
 37826 | Elf:2    | Found a runed translucent gate.
 37837 | Elf:2    | Found a runed translucent gate.
 38093 | Elf:2    | Noticed Azrael
 38108 | Elf:2    | Killed Azrael
 38514 | Elf:3    | Entered Level 3 of the Elven Halls
 38523 | Elf:3    | Gained mutation: Your spells are a little easier to cast,
                  | but a little less powerful. [a cacodemon]
 38800 | Elf:3    | Found Kifuront's Armour Shoppe.
 38809 | Elf:3    | Found Arghi Uwe's Armour Emporium.
 38826 | Elf:3    | Bought the +0 pair of boots "Emuts" {+Fly rPois Will+} for
                  | 397 gold pieces
 39171 | Elf:3    | Noticed a Tzitzimitl
 39177 | Elf:3    | Received a gift from Trog
 39403 | Elf:3    | Reached XP level 20. HP: 224/224 MP: 16/16
 39495 | Elf:3    | Identified the +8 mace of Youthful Indiscretion {pain,
                  | rElec Str+6}
 39495 | Elf:3    | Identified the +1 robe "Mice Inn" {rN++}
 39964 | Elf:3    | Received a gift from Trog
 40191 | Elf:3    | Found Meczov's Magic Scroll Emporium.
 40206 | Elf:3    | Bought a scroll of teleportation for 63 gold pieces
 40206 | Elf:3    | Bought a scroll of teleportation for 63 gold pieces
 40206 | Elf:3    | Bought a scroll of blinking for 157 gold pieces
 40359 | Elf:3    | Identified Mosecs's Collected Works on Weightlessness
 40393 | Elf:3    | Identified the +0 hat of the Final Seas {rC+ rCorr Str+3
                  | SInv}
 40393 | Elf:3    | Identified the +8 hand axe "Rasm" {venom, rC+}
 40458 | Elf:3    | Identified the +1 scale mail of Lust {Str+7}
 40969 | Vaults:1 | Entered Level 1 of the Vaults
 41003 | Vaults:1 | Found a portal to a secret trove of treasure.
 41005 | Vaults:1 | Found Tanleo's Armour Shoppe.
 41016 | Vaults:1 | You paid a toll of 4 scrolls of fear to enter a treasure
                  | trove
 41017 | Trove    | Entered a treasure trove
 41022 | Trove    | Found the amulet of the Four Winds {rN+ Will+++ Clar}
 41023 | Trove    | Found the ring of Shadows {Umbra +Inv Stlth+}
 41034 | Trove    | Identified the amulet "Bimid" {Acrobat Str+2}
 41036 | Trove    | Identified the ring of the Saviour {Will+ MP+9}
 41038 | Trove    | Identified the ring "Deirphen" {Ice rElec Will++ Str-3
                  | SInv}
 41046 | Trove    | Identified the ring "Wity" {Will++ MP-9 Int+6}
 41056 | Trove    | Identified the amulet "Buuq" {Spirit Dex+4}
 41240 | Vaults:1 | Reached skill level 20 in Axes
 41292 | Vaults:1 | Found a ruined gateway.
 41301 | Desolati | Entered the Desolation of Salt
 41536 | Desolati | Identified the +1 cloak of Ujostris {*Slow rC+++ Will+++
                  | Dex-5}
 41546 | Desolati | Identified the +9 broad axe of Kiprovyn {freeze, Will+}
 41721 | Desolati | Received a gift from Trog
 42021 | Desolati | Reached skill level 15 in Armour
 42058 | Desolati | Identified the +3 scale mail of Ziahivvaog {rF+ Dex+3}
 42089 | Desolati | Received a gift from Trog
 42278 | Desolati | Identified the ring "Suefugr Rira" {*Corrode rElec rPois
                  | EV+4 Str+4}
 42529 | Vaults:1 | Reached XP level 21. HP: 141/233 MP: 15/15
 42579 | Vaults:1 | Reached skill level 15 in Shields
 42786 | Vaults:1 | Reached skill level 15 in Dodging
 42995 | Vaults:1 | Received a gift from Trog
 43459 | Vaults:1 | Found a transporter.
 43475 | Vaults:1 | Found a transporter.
 43739 | Vaults:1 | Identified the +7 hand axe "Zutuihi" {antimagic, rElec rN+
                  | Str+3}
 43801 | Vaults:1 | Identified the ring "Lyamead" {rElec rC+ Str-5 Int+6}
 43919 | Vaults:2 | Identified the Reference Book on the Blaze and Sinister
                  | Secrets
 43936 | Vaults:2 | Acquired 382 gold pieces
 44481 | Vaults:2 | Noticed Mennas
 44515 | Vaults:2 | Killed Mennas
 45328 | Vaults:2 | Received a gift from Trog
 46185 | Vaults:3 | Reached XP level 22. HP: 244/244 MP: 16/16
 46219 | Vaults:3 | Received a gift from Trog
 46220 | Vaults:3 | Reached skill level 15 in Throwing
 46521 | Vaults:3 | Noticed Margery
 46548 | Vaults:3 | Killed Margery
 46960 | Vaults:3 | Found a staircase to the Crypt.
 46960 | Vaults:3 | Found an ancient bone altar of Kikubaaqudgha.
 46960 | Vaults:3 | Found a basalt altar of Yredelemnul.
 47379 | Vaults:3 | Received a gift from Trog
 47397 | Vaults:3 | Noticed Jory
 47408 | Vaults:3 | Killed Jory
 48074 | Vaults:4 | Reached skill level 1 in Evocations
 48216 | Vaults:4 | Reached skill level 21 in Axes
 48328 | Vaults:4 | Identified the +3 hand axe of Rotation {vorpal, Str+5 Int+4
                  | Dex-5} (Trog gifted it to you on level 4 of the Vaults)
 48328 | Vaults:4 | Received a gift from Trog
 49358 | D:15     | Reached skill level 5 in Evocations
 49388 | Depths:1 | Entered Level 1 of the Depths
 49417 | Depths:1 | Found a one-way gate to the infinite horrors of the Abyss.
 49604 | Depths:1 | Reached XP level 23. HP: 212/253 MP: 17/17
 49612 | Depths:1 | Received a gift from Trog
 49639 | Depths:1 | Identified the Almanac of Necromancy
 49911 | Depths:1 | Found a gateway to Hell.
 50446 | Depths:2 | Found a gateway to a ziggurat.
 50463 | Depths:2 | Found Kyrafat's Antique Weapon Emporium.
 50514 | Depths:2 | Bought a glowing broad axe for 294 gold pieces
 50893 | Depths:2 | Received a gift from Trog
 51273 | Depths:2 | Paralysed by a floating eye for 2 turns
 51284 | Depths:2 | Paralysed by a floating eye for 4 turns
 52101 | Depths:3 | Reached skill level 10 in Evocations
 52198 | Depths:3 | Found a one-way gate leading to the halls of Pandemonium.
 52762 | Depths:3 | Received a gift from Trog
 52816 | Depths:3 | Reached XP level 24. HP: 229/265 MP: 17/17
 53192 | Depths:3 | Noticed Bai Suzhen
 53218 | Depths:3 | Killed Bai Suzhen
 53583 | Depths:4 | Found a magical portal.
 53631 | WizLab   | Entered Wucad Mu's Monastery
 53916 | WizLab   | Found the +9 staff of Wucad Mu {*channel}
 53969 | WizLab   | Reached XP level 25. HP: 234/273 MP: 12/17
 54165 | Depths:4 | Found a runed translucent door.
 54166 | Depths:4 | Found a shimmering altar of Xom.
 54166 | Depths:4 | Noticed Viocziel's ghost (adept TrMo)
 54270 | Depths:4 | Killed Viocziel's ghost
 54736 | Depths:4 | Identified the +7 flail of Doubt {protect, rF+}
 54857 | Depths:4 | Noticed a juggernaut
 54875 | Depths:4 | Killed a juggernaut
 54902 | Depths:4 | Received a gift from Trog
 55012 | Depths:4 | Identified the +2 hand crossbow of Prescription {vorpal,
                  | Int+3}
 55047 | Depths:4 | Paralysed by a floating eye for 4 turns
 55224 | Depths:4 | Reached skill level 22 in Axes
 55231 | Depths:4 | Reached XP level 26. HP: 265/284 MP: 17/17
 55251 | Depths:4 | Received a gift from Trog
 55708 | Depths:5 | Entered Level 5 of the Depths
 55867 | Depths:5 | Found an iron altar of Okawaru.
 55965 | Depths:5 | Found Oliafir's General Store.
 55975 | Depths:5 | Bought a scroll of teleportation for 54 gold pieces
 56925 | Depths:5 | Found a gate to the Realm of Zot.
 57231 | Depths:1 | Voluntarily entered the Abyss.
 57335 | Abyss:1  | Identified the +1 plate armour of Modern Mirth {Harm rElec
                  | Int+2}
 57348 | Abyss:1  | Identified the +10 morningstar of Dismay {flame, *Slow rF+
                  | Int+4} (Trog gifted it to you on level 1 of the Abyss)
 57348 | Abyss:1  | Received a gift from Trog
 58406 | Abyss:3  | Received a gift from Trog
 58479 | Abyss:3  | Got an abyssal rune of Zot
 58551 | Abyss:4  | Found a corrupted altar of Lugonu.
 58608 | Depths:1 | Escaped the Abyss
 58830 | Crypt:1  | Entered Level 1 of the Crypt
 59710 | Crypt:2  | Received a gift from Trog
 59798 | Crypt:2  | Reached XP level 27. HP: 292/294 MP: 17/17
 60209 | Crypt:2  | Identified the +2 whip of the Crypt {venom, rC+ Int+2}
 60994 | Crypt:3  | Entered Level 3 of the Crypt
 60994 | Crypt:3  | Found a staircase to the Tomb.
 61962 | Crypt:3  | Identified the ring "Qocop" {rN+ Int+6 Dex+4}
 62071 | Crypt:3  | Found an ancient bone altar of Kikubaaqudgha.
 62118 | Crypt:3  | Reached skill level 15 in Evocations
 62344 | Crypt:3  | Received a gift from Trog
 62498 | Crypt:3  | Noticed an ancient lich
 62513 | Crypt:3  | Killed an ancient lich
 62843 | Crypt:3  | Identified the Disquisition on Black Arts
 62950 | Tomb:1   | Entered Level 1 of the Tomb of the Ancients
 63850 | Tomb:1   | Noticed a royal mummy
 63875 | Tomb:1   | Killed a royal mummy
 63884 | Tomb:1   | Received a gift from Trog
 64821 | Tomb:1   | Noticed a royal mummy
 64840 | Tomb:1   | Killed a royal mummy
 65035 | Tomb:1   | Identified the Compendium of the Ashen Compass
 65711 | Vaults:5 | Entered Level 5 of the Vaults
 65718 | Vaults:5 | Noticed Xtahua
 65737 | Vaults:5 | Killed Xtahua
 65782 | Vaults:5 | Found Kisan's Antique Armour Shop.
 65802 | Vaults:5 | Reached skill level 23 in Axes
 65827 | Vaults:5 | Identified the +7 battleaxe of Pride {elec, rN+ Int+6}
 65831 | Vaults:5 | Identified the +7 hand crossbow of Ashenzari's Hope {elec,
                  | rPois SInv}
 65871 | Vaults:5 | Noticed an ancient lich
 65892 | Vaults:5 | Killed an ancient lich
 66049 | Vaults:5 | Got a silver rune of Zot
 66082 | Vaults:5 | Received a gift from Trog
 66892 | Vaults:5 | Bought a glowing cloak for 225 gold pieces
 67091 | Vaults:5 | Identified the +1 pair of boots "Qaylumic" {-Tele rElec
                  | rN++ SInv}
 67100 | Vaults:5 | Found the +4 skin of Zhor {Englaciate rC+++ SInv}
 67414 | Vaults:5 | Found Nin Bam's Jewellery Shoppe.
 68315 | Hell     | Entered the Vestibule of Hell
 68343 | Hell     | Noticed Geryon
 68390 | Hell     | Killed Geryon
 68645 | Hell     | Found a gateway to the Iron City of Dis.
 68827 | Hell     | Found a gateway to the freezing wastes of Cocytus.
 68984 | Hell     | Found a gateway to the decaying netherworld of Tartarus.
 69106 | Hell     | Found a gateway to the ashen valley of Gehenna.
 69249 | Coc:1    | Entered Level 1 of Cocytus
 69538 | Coc:1    | Received a gift from Trog
 71243 | Coc:2    | Received a gift from Trog
 73491 | Coc:4    | Received a gift from Trog
 75120 | Coc:6    | Reached skill level 24 in Axes
 76740 | Zot:1    | Entered Level 1 of the Realm of Zot
 76979 | Zot:1    | You are sucked into a shaft and drop 1 floor!
 77729 | Zot:2    | You are sucked into a shaft and drop 1 floor!
 79909 | Zot:3    | Upgraded the game from 0.27-a0-705-ga001394 to
                  | 0.27-a0-738-g6942c2d
 79989 | Zot:3    | Identified the ring of Cuument {Fire Int+3 Stlth+}
 80568 | Zot:4    | Found a transporter.
 80799 | Zot:4    | Received a gift from Trog
 81927 | Zot:4    | Found a transporter.
 82180 | Zot:5    | Entered Level 5 of the Realm of Zot
 82533 | Zot:4    | Gained mutation: You occasionally shout uncontrollably at
                  | your foes. [a cacodemon]
 82579 | Zot:4    | Identified the ring "Icki" {+Fly rElec rF++ rCorr Str-3
                  | Dex-5}
 82635 | Zot:4    | Identified the +7 dagger of Fieppod {chaos, Dex+6}
 82640 | Zot:4    | Identified the ring of Qikliogg {rC+ Str+4 Stlth+}
 82771 | Zot:5    | Noticed a dread lich
 82804 | Zot:5    | Killed a dread lich
 83388 | Slime:1  | Entered Level 1 of the Pits of Slime
 83650 | Slime:1  | Gained mutation: Armour fits poorly on your strangely
                  | shaped body. [a shining eye]
 84063 | Slime:2  | Gained mutation: Your spells are easier to cast, but less
                  | powerful. [a shining eye]
 84125 | Slime:2  | Reached skill level 25 in Axes
 84477 | Slime:2  | Received a gift from Trog
 84736 | Slime:3  | Noticed Dissolution
 84740 | Slime:3  | Killed Dissolution
 84798 | Slime:3  | Paralysed by a floating eye for 2 turns
 86016 | Slime:5  | Entered Level 5 of the Pits of Slime
 86037 | Slime:5  | Noticed the Royal Jelly
 86464 | Slime:5  | Found a viscous altar of Jiyva.
 86478 | Slime:5  | Received a gift from Trog
 86725 | Slime:5  | Killed the Royal Jelly
 86778 | Slime:5  | Identified the Catalogue of Toxic Transmutation
 86787 | Slime:5  | Identified Sif Muna's Further Steps in Thaumaturgy
 86849 | Slime:5  | Identified the +3 spear of Fundamental Breach {vamp, +Inv
                  | rElec}
 86864 | Slime:5  | Identified the amulet of Agekay {Reflect rN+ Will++ Dex-3
                  | SH+5 Stlth+}
 86879 | Slime:5  | Got a slimy rune of Zot
 86929 | Slime:5  | Identified the +5 rapier "Beexzeax" {freeze, +Inv rPois}
 87285 | Geh:1    | Entered Level 1 of Gehenna
 87954 | Geh:1    | Received a gift from Trog
 88468 | Geh:2    | Received a gift from Trog
 89439 | Geh:3    | Received a gift from Trog
 89471 | Geh:3    | Reached skill level 26 in Axes
 89585 | Geh:3    | Received a gift from Trog
 92233 | Geh:5    | Received a gift from Trog
 94540 | Geh:7    | Entered Level 7 of Gehenna
 95049 | Geh:7    | Identified the +3 falchion of Equilibrium {flame, Fragile
                  | rC+++ Int+4 Stlth+}
 95187 | Geh:7    | Received a gift from Trog
 95899 | Geh:7    | Identified the +7 spear "Transmigrator" {protect, Str+5}
 95927 | Geh:7    | Reached skill level 27 in Axes
 96017 | Geh:7    | Found the +7 sceptre of Asmodeus
 96017 | Geh:7    | Noticed Asmodeus
 96221 | Geh:7    | Lost mutation: You are robust. (+10% HP) [potion of
                  | mutation]
 96221 | Geh:7    | Lost mutation: Armour fits poorly on your strangely shaped
                  | body. [potion of mutation]
 96221 | Geh:7    | Lost mutation: Your spells are easier to cast, but less
                  | powerful. [potion of mutation]
 96221 | Geh:7    | Lost mutation: Your spells are a little easier to cast, but
                  | a little less powerful. [potion of mutation]
 96221 | Geh:7    | Gained mutation: You expend magic power (3 MP) to
                  | strengthen your wands. [potion of mutation]
 96221 | Geh:7    | Gained mutation: Your muscles are strong. (Str +2) [potion
                  | of mutation]
 96222 | Geh:7    | Identified the ring of the Monkey's Uncle {rPois rF- rC+
                  | Int+2}
 96255 | Geh:7    | Killed Asmodeus
 96295 | Geh:7    | Found the +10 morningstar "Eos" {elec, Halo rElec}
 96322 | Geh:7    | Identified the ring "Pawewn" {*Slow rC+ Will+ Str+2 Int+3
                  | SInv}
 96333 | Geh:7    | Identified the ring of Res Nullius {Fire +Fly rN+}
 96378 | Geh:7    | Identified the Reference Book on Excruciating Flight
 96387 | Geh:7    | Got an obsidian rune of Zot
 96850 | Coc:7    | Entered Level 7 of Cocytus
 97364 | Coc:7    | Noticed the Serpent of Hell
 97390 | Coc:7    | Killed the Serpent of Hell
 97560 | Coc:7    | Noticed Antaeus
 98274 | Coc:7    | Identified Gylaarch's Tome of Unstable Flames
 98275 | Coc:7    | Identified the ring "Bekaz" {+Fly rF+ Dex+2}
 98516 | Coc:7    | Killed Antaeus
 98603 | Coc:7    | Got an icy rune of Zot
 98609 | Coc:7    | Identified the +1 plate armour of Carig {Dex+3}
 98756 | Coc:7    | Found the ring of the Hare {EV+8}
 99286 | Coc:7    | Identified the +2 demon blade of Benevolence {drain, rPois
                  | rN+}
 99863 | Zot:5    | Noticed an ancient lich
 99890 | Zot:5    | Killed an ancient lich
100163 | Zot:5    | Noticed an orb of fire
100186 | Zot:5    | Killed an orb of fire
100555 | Zot:5    | Noticed an ancient lich
100562 | Zot:5    | Noticed an orb of fire
100565 | Zot:5    | Killed an orb of fire
100585 | Zot:5    | Killed an ancient lich
100589 | Zot:5    | Noticed a dread lich
100599 | Zot:5    | Killed a dread lich
100607 | Zot:5    | Noticed an ancient lich
100613 | Zot:5    | Killed an ancient lich
100718 | Zot:5    | Noticed a dread lich
100731 | Zot:5    | Killed a dread lich
100732 | Zot:5    | Noticed a dread lich
100752 | Zot:5    | Killed a dread lich
100918 | Zot:5    | Got the Orb of Zot
100920 | Zot:5    | Noticed an ancient lich
100922 | Zot:5    | Noticed Taschuoge the pandemonium lord
101201 | Depths:5 | Noticed Josoilo the pandemonium lord
101217 | Depths:4 | Killed Josoilo the pandemonium lord
101779 | D:$      | Escaped with the Orb!

Illustrated notes

Levels and vault maps discovered:
D:1:      psy_arrival_dodecagon, layout_basic
D:2:      layout_loops_corners, minitemple, chequers_ecumenical_altar_island,
          serial_aquarium, aquarium_bridge_square [aquarium_subvault_window,
          aquarium_subvault_window, aquarium_subvault_balcony,
          aquarium_subvault_bridge], aquarium_bridge_straight
          [aquarium_subvault_bridge, aquarium_subvault_window,
          aquarium_subvault_bridge, aquarium_subvault_window],
          aquarium_window_1, aquarium_window_3, aquarium_window_1,
          aquarium_window_fake, aquarium_view_2b, aquarium_pool_1, st_stairs_7,
          item_on_display_b
D:3:      layout_basic, uniq_sigmund
D:4:      layout_cave_pods, uniq_menkaure
D:5:      kennysheep_kobold_camp, layout_loops_corners,
          makhleb_heckhound_becter, uniq_duvessa
D:6:      layout_gridville, lemuel_temple_firewalk_b, serial_shops, shop,
          uniq_pikel, uniq_eustachio
D:7:      layout_gridville, minmay_misc_feat_ornament, nicolae_island_escapes
D:8:      layout_basic, serial_curves, eino_curves_01, eino_curves_02,
          minivault_24, tso_altar
D:9:      layout_basic
D:10:     layout_grid_maze
D:11:     layout_loops_corners, minmay_lair_entry_grove, erik_orc_3,
          david_defended_altar_orc, uniq_maurice
D:12:     layout_loops_ring, uniq_psyche
D:13:     lemuel_ogre_cave, layout_cave_pools, grunt_vaults_entry_fortified,
          uniq_snorg, uniq_kirke
D:14:     layout_basic, hangedman_abyss_or_decor_slice, uniq_agnes
D:15:     gammafunk_enter_depths_forms, layout_basic, serial_bayou_pond_d,
          sword_in_stone
Temple:   nicolae_temple_elliptical
Lair:1:   layout_gridlike, grunt_megastairs_4, infiniplex_staircase_pool_2,
          lemuel_fruit_fields, minmay_lair_oklob_chamber
Lair:2:   layout_roguey, shoals_dummy_entry, uniq_harold
Lair:3:   layout_cave_pods, nicolae_spider_entry_orb_guardian,
          chequers_serial_rivers_small_b
Lair:4:   lemuel_slime, layout_loops_ring, guppyfry_lair_drakes
Lair:5:   layout_small_grid, gauntlet_entry_generic, serial_bayou_ford_a,
          small_statue_intersection, uniq_urug
Lair:6:   gammafunk_lair_ancient_temple, layout_regular_city,
          dpeg_slime_entry_enclosed_altar
Shoals:1: layout_shoals, nicolae_shoals_mertower
Shoals:2: layout_shoals
Shoals:3: layout_shoals, serial_shops, shop, regret_index_shoals_crete
Shoals:4: shoals_end_simple, layout_shoals, serial_shops, nicolae_shop_crystal,
          uniq_polyphemus
Spider:1: layout_spider_delve, uniq_rupert
Spider:2: layout_spider_delve, uniq_arachne
Spider:3: layout_spider_delve, nicolae_spider_cling_halls, uniq_asterion,
          uniq_jorgrun, uniq_donald, uniq_aizul, uniq_louise, uniq_nikola
Spider:4: spider_rune_water
Slime:1:  layout_caves
Slime:2:  layout_caves
Slime:3:  layout_caves, nicolae_slime_barrier, uniq_dissolution
Slime:4:  layout_caves
Slime:5
Orc:1:    layout_caves, serial_shops, nicolae_shop_behind_doors, enter_bailey_5,
          mines4_lemuel
Orc:2:    grunt_orc_gardens, layout_caves, grunt_orc_garden, grunt_orc_garden,
          grunt_orc_garden, grunt_orc_garden, special_room, lemuel_statue_altar
Elf:1:    minmay_elf_arrival_summoners, layout_geoelf_diagonals, serial_shops,
          shop, minmay_elf_demonology, minivault_15
Elf:2:    layout_loops_ring, uniq_azrael
Elf:3:    minmay_elf_hall_quartered_circle, layout_onion_city, serial_shops,
          shop, minmay_shoptagon, grunt_megastairs_5
Vaults:1: v_misc_33, ontoclasm_vaults_eye, nicolae_vaults_circle_grid_a,
          ontoclasm_vaults_ring_square, vaults_room_door_ring, v_misc_19,
          gammafunk_the_bubble [the_bubble_gammafunk_crates], v_misc_29,
          v_rooms_4, v_alt_pattern_5, hangedman_vaults_nails,
          ontoclasm_vaults_ring_large, layout_vaults_maze_bifur, enter_trove_0,
          serial_shops, shop, portal_desolation_entry_ruin
Vaults:2: v_misc_3, v_misc_19, nicolae_vaults_quadrants, vaults_mumra_minichess,
          grunt_vaults_hallway_long, hangedman_vaults_pinch,
          nicolae_vaults_little_squares_3, vaults_dpeg_spiral,
          dpeg_vaults_monster_row, nicolae_vaults_network_square,
          grunt_vaults_hallway_long, v_pattern_3, nicolae_vaults_shelves_hall,
          layout_vaults_ring, uniq_mennas
Vaults:3: serial_ice_b, nicolae_vaults_c_with_doors,
          minmay_crypt_entry_necro_gods, nicolae_vaults_rhombus_7,
          vaults_room_fours, v_alt_pattern_2, v_misc_10, v_rooms_2,
          vaults_room_door_hall, v_misc_18, vaults_room_hallway,
          ontoclasm_vaults_decontamination, layout_vaults_omnigrid, uniq_jory,
          uniq_margery
Vaults:4: vaults_mumra_hex, st_octagons_1, grunt_vaults_twisty,
          nicolae_vaults_little_squares_2, vaults_room_corners,
          vaults_room_stairs_pillars, vaults_room_fours, layout_vaults_omnicross
Vaults:5: uniq_xtahua
Crypt:1:  layout_regular_city
Crypt:2:  layout_misc_corridors
Crypt:3:  church_of_pain_bobbens, layout_chaotic_city
Tomb:1
Depths:1: layout_basic, special_room [special_room_morgue], hell_entry,
          abyss_entry, minmay_misc_feat_five, hangedman_abyss_or_decor_passed,
          grunt_decor_cap, kennysheep_generic_room_11
Depths:2: minmay_quarter_circles, layout_cave_shapes, enter_ziggurat_d,
          hell_entry, serial_shops, nicolae_shop_trees, special_room
          [special_room_mythical_zoo]
Depths:3: nzn_winding_woodlands_small [nzn_winding_woodlands_5x15_sawtooth,
          nzn_winding_woodlands_center_garden,
          nzn_winding_woodlands_5x15_jagged], layout_honeycomb, abyss_entry,
          minmay_misc_feat_tiny, pan_entry, hell_entry, minmay_misc_feat_room,
          chequers_jeans, kennysheep_underground_church,
          infiniplex_staircase_zigzag_2, uniq_bai_suzhen
Depths:4: minmay_octagon_city, layout_gridville, ebering_ghost_xom,
          nrook_pool_corridor, hell_entry,
          nicolae_abyss_entry_one_way_or_another,
          infiniplex_enter_wizlab_glasses
Depths:5: grunt_twist_and_shout, layout_cave_pools, pan_entry, serial_shops,
          shop, grunt_hell_horde, chequers_serial_rivers_micro_c, hex_tiny,
          okawaru_ov_weapons_minmay
Hell
Geh:1:    layout_gehenna_pools_triple, lemuel_old_faithful
Geh:2:    layout_gehenna_pools_triple
Geh:3:    layout_gehenna_lava_caves
Geh:4:    layout_gehenna_pools_basic
Geh:5:    layout_gehenna_pools_triple
Geh:6:    layout_gehenna_pools_box
Geh:7:    geh_mu
Coc:1:    layout_ice_bergs
Coc:2:    layout_ice_bergs
Coc:3:    layout_ice_bergs
Coc:4:    layout_ice_bergs
Coc:5:    layout_ice_bergs
Coc:6:    layout_cocytus_water_paths
Coc:7:    coc_mu
Zot:1:    layout_gridville
Zot:2:    layout_gridville, skrybe_zot_glass_3
Zot:3:    lemuel_draconian_sentries, layout_gridlike, st_single_dragon_hoard_3,
          grunt_ministairs_6, st_large_dragon_hoard_4
Zot:4:    gammafunk_dig_for_victory, layout_gridville
Zot:5:    layout_misc_corridors

Skill      XL: |  1  2  3  4  5  6  7  8  9 10 11 12 13 14 15 16 17 18 19 20 21 22 23 24 25 26 27 |
---------------+----------------------------------------------------------------------------------+-----
Unarmed Combat | 2 |  2.1
Maces & Flails | 1 2 |  2.8
Fighting       | 2 3 4 5 7 10 12 14 15 16 17 18 19 23 | 23.8
Axes           | 1 3 4 6 8 10 12 13 15 16 17 18 19 20 21 22 27 | 27.0
Armour         | 3 6 8 10 11 12 13 14 15 16 17 18 26 | 26.0
Dodging        | 3 6 8 10 11 12 13 14 15 16 17 19 21 26 | 26.7
Shields        | 3 4 7 10 12 13 14 15 16 17 18 24 | 24.0
Throwing       | 1 5 8 9 11 12 13 14 15 16 17 18 26 | 26.2
Evocations     | 6 10 12 13 14 24 | 24.1
Stealth        | |  1.2
Spellcasting   | |  1.1
Earth Magic    | |  5.3

Action                   |  1- 3 |  4- 6 |  7- 9 | 10-12 | 13-15 | 16-18 | 19-21 | 22-24 | 25-27 || total
-------------------------+-------+-------+-------+-------+-------+-------+-------+-------+-------++-------
Melee: Club              |    14 |       |       |       |       |       |       |       |       ||    14
       Mace              |   141 |    35 |       |       |       |       |       |       |       ||   176
       Hand axe          |       |    11 |     6 |       |       |       |       |       |       ||    17
       Flail             |       |    78 |   236 |       |       |       |       |       |       ||   314
       Punch             |       |     1 |     4 |     5 |       |       |       |       |       ||    10
       War axe           |       |       |   254 |   646 |  1776 |  1799 |  1249 |   803 |   774 ||  7301
       Whip              |       |       |       |    37 |    13 |       |       |       |       ||    50
       Broad axe         |       |       |       |       |       |    90 |   307 |   458 |  7022 ||  7877
       Morningstar       |       |       |       |       |       |    64 |       |       |       ||    64
Throw: Stone             |    63 |    16 |   130 |   166 |    11 |       |       |       |    69 ||   455
       Dart              |     3 |     8 |    10 |       |     6 |     6 |       |       |       ||    33
       Boomerang         |       |       |     4 |     5 |    57 |   351 |   365 |   320 |  1720 ||  2822
       Throwing net      |       |       |       |     2 |       |       |       |       |       ||     2
       Javelin           |       |       |       |       |     5 |    36 |    39 |    68 |   368 ||   516
 Cast: Magic Dart        |    14 |       |       |       |       |       |       |       |       ||    14
Invok: Berserk           |       |     3 |    17 |    22 |    18 |    13 |     8 |    12 |    72 ||   165
       Trog's Hand       |       |       |    15 |    19 |    13 |    34 |    41 |    32 |   278 ||   432
       Brothers in Arms  |       |       |       |       |     2 |     3 |     1 |       |     2 ||     8
 Abil: Heal Wounds       |     2 |     3 |     5 |     2 |     3 |    10 |     3 |       |    29 ||    57
       Evoke Flight      |       |       |     2 |     1 |       |       |       |     1 |     2 ||     6
       Stop Flying       |       |       |     1 |       |       |       |       |     1 |     2 ||     4
       Blink             |       |       |       |       |     1 |       |       |       |     1 ||     2
Evoke: Wand              |       |       |       |     7 |     2 |     3 |     1 |     1 |    23 ||    37
       Phial of floods   |       |       |       |       |     1 |       |       |       |       ||     1
       Tin of tremorston |       |       |       |       |       |     6 |     2 |     1 |    12 ||    21
       Box of beasts     |       |       |       |       |       |     3 |       |       |     3 ||     6
       Condenser vane    |       |       |       |       |       |       |       |     1 |     5 ||     6
       Phantom mirror    |       |       |       |       |       |       |       |       |     5 ||     5
       Horn of Geryon    |       |       |       |       |       |       |       |       |     4 ||     4
  Use: Potion            |     7 |       |       |     1 |     4 |    10 |     6 |     1 |    26 ||    55
       Scroll            |     5 |       |    10 |     5 |     7 |    11 |     8 |     5 |    34 ||    85
 Stab: Paralysed         |       |       |       |     5 |       |       |       |       |     3 ||     8
       Distracted        |       |       |       |       |       |       |     1 |       |     4 ||     5
       Confused          |       |       |       |       |       |       |       |       |     5 ||     5
Armor: Scale mail        |    81 |    14 |       |       |       |       |       |       |       ||    95
       Robe              |     4 |       |       |       |       |       |       |       |       ||     4
       Chain mail        |       |    54 |   195 |       |       |       |       |       |       ||   249
       Plate armour      |       |       |   108 |   338 |   948 |  1829 |   443 |   489 |   975 ||  5130
       Gold dragon scale |       |       |       |       |       |       |       |       |   897 ||   897
Dodge: Dodged            |    91 |    47 |   121 |   114 |   463 |  1006 |   563 |   673 |  4053 ||  7131
Block: Other             |       |       |    82 |    54 |       |       |       |       |       ||   136
       Reflection        |       |       |     1 |       |    64 |    93 |    83 |       |       ||   241
       Buckler           |       |       |       |   120 |   460 |       |       |       |       ||   580
       Tower shield      |       |       |       |       |   816 |  3338 |  1438 |  1499 |  8842 || 15933

Table legend: (Time is in decaauts)
 A = Elapsed time spent in this place.
 B = Non-inter-level travel time spent in this place.
 C = Inter-level travel time spent in this place.
 D = Time resting spent in this place.
 E = Time spent auto-exploring this place.
 F = Levels seen in this place.
 G = Mean time per level.
                   A        B        C        D        E       F      G
               +--------+--------+--------+--------+--------+-----+--------+
         Total | 100704 |  87398 |  13306 |   1594 |  49615 |  83 | 1213.3 |
       Dungeon |  21592 |  16722 |   4870 |    402 |  11187 |  15 | 1439.5 |
        Temple |      1 |      1 |      0 |      0 |      0 |   1 |    1.0 |
          Lair |   7183 |   5870 |   1313 |     36 |   3911 |   6 | 1197.2 |
        Shoals |   4601 |   4344 |    257 |     29 |   2457 |   4 | 1150.2 |
   Spider Nest |   4445 |   4066 |    379 |    176 |   2082 |   4 | 1111.2 |
    Slime Pits |   3279 |   2961 |    318 |     50 |   1474 |   5 |  655.8 |
  Orcish Mines |   2350 |   1922 |    428 |    180 |    859 |   2 | 1175.0 |
   Elven Halls |   4276 |   4047 |    229 |     64 |   2286 |   3 | 1425.3 |
        Vaults |   9215 |   7262 |   1953 |      9 |   4595 |   5 | 1843.0 |
         Crypt |   3706 |   3427 |    279 |     98 |   1993 |   3 | 1235.3 |
          Tomb |   2398 |   2284 |    114 |     58 |    777 |   1 | 2398.0 |
        Depths |   7731 |   6248 |   1483 |    125 |   3373 |   5 | 1546.2 |
          Hell |   1027 |    886 |    141 |      0 |    354 |   1 | 1027.0 |
       Gehenna |   8988 |   8629 |    359 |     78 |   5101 |   7 | 1284.0 |
       Cocytus |   9391 |   9126 |    265 |    116 |   4768 |   7 | 1341.6 |
           Zot |   6861 |   5948 |    913 |    153 |   3267 |   5 | 1372.2 |
         Abyss |   1327 |   1327 |      0 |      3 |    606 |   4 |  331.8 |
         Trove |    133 |    133 |      0 |      0 |      0 |   1 |  133.0 |
        Bailey |    213 |    213 |      0 |      0 |     15 |   1 |  213.0 |
        Wizlab |    425 |    425 |      0 |      0 |     16 |   1 |  425.0 |
    Desolation |   1051 |   1051 |      0 |      7 |    429 |   1 | 1051.0 |
      Gauntlet |    499 |    499 |      0 |      6 |     60 |   1 |  499.0 |
               +--------+--------+--------+--------+--------+-----+--------+

Top non-repeatable levels by time:
Vaults:2: 2593 daAuts
  Tomb:1: 2398 daAuts
   Coc:7: 2395 daAuts
    D:13: 2148 daAuts
   Geh:7: 2047 daAuts
    D:11: 1997 daAuts
   Elf:3: 1927 daAuts
Vaults:1: 1916 daAuts
Depths:4: 1906 daAuts
     D:5: 1854 daAuts
Vaults:3: 1809 daAuts
 Crypt:3: 1805 daAuts
    D:10: 1755 daAuts
    D:15: 1745 daAuts
   Zot:5: 1628 daAuts
